 Dungeon Crawl Stone Soup version 0.30-a0-40-gc6d0f036a7 (webtiles) character file.

Game seed: 7423958403206781038

5 Fjolswid the Chopper (level 1, -17/20 HPs)
             Began as a Hill Orc Cinder Acolyte on Aug 29, 2022.
             Was a High Priest of Ignis.
             Killed by an exploding dart slug (36 damage)
             ... ignited by their inner flame
             ... on level 1 of the Dungeon.
             The game lasted 00:01:19 (513 turns).

Fjolswid the Chopper (Hill Orc Cinder Acolyte)       Turns: 513, Time: 00:01:21

Health: -17/20     AC:  2    Str: 16    XL:     1   Next: 80%
Magic:  2/2        EV: 11    Int: 14    God:    Ignis [*****.]
Gold:   22         SH:  0    Dex:  6    Spells: 2/2 levels left

rFire   . . .      SeeInvis .    a - -1 hand axe (flame)
rCold   + . .      Faith    .    (no shield)
rNeg    . . .      Spirit   .    b - +0 robe
rPois   .          Reflect  .    (no helmet)
rElec   .          Harm     .    (no cloak)
rCorr   .          Rampage  .    (no gloves)
Will    .....                    (no boots)
Stlth   +.........               (no amulet)
HPRegen 0.06/turn                d - ring of ice
MPRegen 0.08/turn                (no ring)

@: no status effects
A: no striking features
a: Renounce Religion, Fiery Armour, Foxfire Swarm, Rising Flame


You were on level 1 of the Dungeon.
You worshipped Ignis.
Ignis was extremely pleased with you.
You visited 1 branch of the dungeon, and saw 1 of its levels.

You collected 22 gold pieces.

Inventory:

Hand Weapons
 a - a -1 hand axe of flaming (weapon)
Armour
 b - a +0 robe (worn)
Jewellery
 d - a ring of ice (left hand)
Scrolls
 c - 2 scrolls of immolation
 e - a scroll of enchant armour {unknown}


   Skills:
 + Level 3.7 Fighting
 + Level 4.2 Axes
 + Level 0.2 Dodging
 + Level 1.0 Spellcasting
 + Level 3.4 Fire Magic


You had 2 spell levels left.
You didn't know any spells.
Your spell library contained the following spells:

 Spells                   Type           Power      Damage    Failure   Level
 Scorch                   Fire           20%        2d6       10%         2


Dungeon Overview and Level Annotations

Branches:
Dungeon (1/15)

Altars:


Message History

You hit the ball python. You burn the ball python.
You kill the ball python!
You see here a ball python corpse.
d - a ring of ice You feel more attuned to ice.
d - a ring of ice (left hand)
You start resting.
HP restored.
You start waiting.
Done waiting.
You open the door.
There is an open door here.
An endoplasm comes into view.
Found 5 gold pieces.
Found a stone staircase leading down.
The endoplasm quivers.
You see here 5 gold pieces.
The endoplasm hits you.
You hit the endoplasm. You burn the endoplasm.
You kill the endoplasm!
You now have 22 gold pieces (gained 5).
Found a scroll labelled PAACUA FIFEM.
Found 5 gold pieces.
A dart slug comes into view.
Found 12 gold pieces.
You see here a scroll labelled PAACUA FIFEM.
e - a scroll labelled PAACUA FIFEM The dart slug closely misses you.
As you read the scroll labelled CEYMITW ERYOXT, it crumbles to dust.
The creatures around you are filled with an inner flame!
It was a scroll of immolation.
The dart slug launches a dart at you. The slug dart hits you.
You hit the dart slug.
Flame seeps out of the dart slug.
You burn the dart slug.
Flame seeps out of the dart slug.
The dart slug is heavily wounded.
The dart slug is engulfed in blazing flames.
The dart slug explodes!
The fiery explosion engulfs you!!!
Ouch! That really hurt!
You die...

#.......# #..$....#
#.......# #.......#
#....#..#
#....#..##########
#§§§....#........#
#.○@....#.######.###
##§§....#.# #.#..
####.###.# #.#.#
###.....######...#
......................
##################.#..
#..........# #
##'##########
#..........#


There were no monsters in sight!

Vanquished Creatures
  A dart slug (D:1)
  A ball python (D:1)
  An endoplasm (D:1)
  2 kobolds (D:1)
  A frilled lizard (D:1)
6 creatures vanquished.

Notes
Turn   | Place    | Note
-------+----------+-------------------------------------------
     0 | D:1      | Fjolswid the Hill Orc Cinder Acolyte began the quest for
                  | the Orb.
     0 | D:1      | Reached XP level 1. HP: 19/19 MP: 2/2
   513 | D:1      | Killed by an exploding dart slug... ignited by their inner
                  | flame

Illustrated notes

Levels and vault maps discovered:
D:1:      dpeg_arrival_rooms_with_view, layout_basic

Action                   || total
-------------------------++-------
Melee: Hand axe          ||    23
  Use: Scroll            ||     1
Armor: Robe              ||     2
Dodge: Dodged            ||    16

Table legend: (Time is in decaauts)
 A = Elapsed time spent in this place.
 B = Non-inter-level travel time spent in this place.
 C = Inter-level travel time spent in this place.
 D = Time resting spent in this place.
 E = Time spent auto-exploring this place.
 F = Levels seen in this place.
 G = Mean time per level.
                   A        B        C        D        E       F      G
               +--------+--------+--------+--------+--------+-----+--------+
         Total |    513 |    513 |      0 |    336 |      0 |   1 |  513.0 |
       Dungeon |    513 |    513 |      0 |    336 |      0 |   1 |  513.0 |
               +--------+--------+--------+--------+--------+-----+--------+

Top non-repeatable levels by time:
     D:1: 513 daAuts
